 Dungeon Crawl Stone Soup version 0.29.1-15-g9cfb28693d (webtiles) character file.

Game seed: 701645466653565384

2994 Sanktem7 the Cleaver (level 9, -19/81 HPs)
             Began as a Minotaur Fighter on Mar 15, 2023.
             Demolished by an orc warrior
             ... wielding a +0 war axe
              (23 damage)
             ... in a bailey.
             The game lasted 00:10:34 (6885 turns).

Sanktem7 the Cleaver (Minotaur Fighter)             Turns: 6885, Time: 00:10:34

Health: -19/81     AC: 15    Str: 25    XL:     9   Next: 54%
Magic:  8/8        EV:  9    Int:  5    God:
Gold:   283        SH: 10    Dex: 10    Spells: 8/8 levels left

rFire   . . .      SeeInvis .   a - +0 war axe {axe}
rCold   + . .      Faith    .   c - +0 buckler
rNeg    . . .      Spirit   .   b - +0 scale mail
rPois   .          Reflect  +   z - +1 hat
rElec   .          Harm     .   e - +0 cloak
rCorr   .          Rampage  .   x - +0 pair of gloves
Will    .....                   (no boots)
Stlth   ..........              G - amulet of reflection
HPRegen 0.23/turn               l - ring of protection from cold
MPRegen 0.11/turn               B - +4 ring of protection

@: no status effects
A: horns 2, retaliatory headbutt
a: no special abilities


You were in a bailey.
You visited 1 branch of the dungeon, and saw 7 of its levels.
You also visited: Bailey.

You collected 283 gold pieces.


Innate Abilities, Weirdness & Mutations

You have a pair of horns on your head.
You reflexively headbutt those who attack you in melee.


   Skills:
 + Level 8.1 Fighting
 * Level 10.4 Axes
 + Level 7.9 Armour
 + Level 8.0 Shields


You had 8 spell levels left.
You didn't know any spells.
Your spell library contained the following spells:

 Spells                   Type           Power      Damage    Failure   Level
 Portal Projectile        Hex/Tloc       0%         N/A       99%         3
 Tukima's Dance           Hex            0%         N/A       99%         3
 Blade Hands              Tmut           0%         N/A       100%        5

Inventory:

Hand Weapons
 a - a +0 war axe (weapon) {axe}
 o - a +0 mace of holy wrath {mace}
   (You found it on level 2 of the Dungeon)
Missiles
 i - 40 stones (quivered) {throwing}
 n - 2 javelins {throwing}
Armour
 b - a +0 scale mail (worn)
 c - a +0 buckler (worn)
 e - a +0 cloak (worn)
   (You found it on level 1 of the Dungeon)
 x - a +0 pair of gloves (worn)
   (You found it on level 3 of the Dungeon)
 z - a +1 hat (worn)
   (You found it on level 4 of the Dungeon)
Magical Staves
 F - a staff of air {!astaff}
   (You found it on level 5 of the Dungeon)
Jewellery
 l - a ring of protection from cold (left hand)
   (You found it on level 2 of the Dungeon)
 B - a +4 ring of protection (right hand)
   (You found it on level 4 of the Dungeon)
 G - an amulet of reflection (around neck)
   (You found it on level 6 of the Dungeon)
Wands
 v - a wand of flame (18)
   (You took it off Terence on level 3 of the Dungeon)
 y - a wand of digging (2)
   (You found it on level 4 of the Dungeon)
Scrolls
 f - 2 scrolls of fear {unknown}
 j - 3 scrolls of poison {unknown}
 m - a scroll of brand weapon {unknown}
 p - 2 scrolls of teleportation {unknown}
 q - a scroll of silence {unknown}
 r - a scroll of summoning {unknown}
 u - 4 scrolls of identify {unknown}
 w - 2 scrolls of immolation {unknown}
 A - 2 scrolls of enchant armour {unknown}
 I - a scroll of noise {unknown}
 J - a scroll of blinking {unknown}
 K - a scroll of butterflies {unknown}
 L - 2 scrolls of enchant weapon {unknown}
 M - a scroll of acquirement {unknown}
Potions
 d - 2 potions of might
 g - 2 potions of heal wounds {unknown}
 h - a potion of resistance {unknown}
 k - a potion of attraction {unknown}
 s - a potion of cancellation {unknown}
 t - 2 potions of flight {unknown}
 C - a potion of ambrosia {unknown}
 D - a potion of degeneration {unknown}
 E - a potion of curing {unknown}
 H - a potion of berserk rage {unknown}
 N - a potion of brilliance {unknown}

Dungeon Overview and Level Annotations

Branches:
Dungeon (7/15) Zot: 26831  Bailey (1/1) Zot: 4982
 Temple: D:4-7

Altars:
Gozag
Trog
Zin

.#.......)...#
.#......)))..#
###.......).###
#.###.....#'#.###
...###.###.....###
.....###.........##
.....##8..........#
......#8......oo..#
og....'.....⌠.)@.∩#
....g.#8.......)..#
...g. #8..........#
...o ###.........##
...###.###))...###
#.###.....#'#.###
###.........###
.#...........#
.#.).........#


You could see an orc warlord and an orc warrior (strong).


Message History

You block the goblin's attack. You block the orc's attack.
The goblin hits you with a +0 hand axe.
Items here: )) [[ ††. 😕 HP[-5]
You take 5 damage, and now have 65/81 hp.
You hit the goblin.
You kill the goblin!
You hit the orc. You block the orc's attack. 😕 HP[+1]
The orc hits you but does no damage.
Things that are here:
a +0 hand axe {axe}; a +0 leather armour; a goblin corpse The orc hits you but does no damage.
You slash the orc!
You kill the orc!
Things that are here:
a +0 hand axe {axe}; a +0 leather armour; an orc corpse 😕 HP[+1] Key pressed, stopping explore.
There is a fountain of clear blue water here.
There is an open door here.
Things that are here:
a +0 war axe {axe}; a +0 leather armour; a hobgoblin corpse
There is an open door here.
You open the door.
A goblin, an orc warlord, a gnoll and an orc warrior come into view.
The orc warlord shouts!
The gnoll shouts!
You hear a shout!
A goblin comes into view. It is wielding a +0 hand axe.
The orc warlord roars a battlecry!
The orc warrior goes into a battle-frenzy!
A goblin comes into view. It is wielding a +0 war axe. 😎 HP[+14]
Your hp is fully restored (81).
Items here: ))))) [[[[[.
There is an open door, spattered with blood here.
Items here: ))) [[[.
There is a gate leading back out of this place here.
You block the goblin's attack.
You closely miss the goblin.
You hit the orc warrior but do no damage.
The orc warrior no longer looks unusually strong.
The orc warrior closely misses you. The goblin hits you but does no damage.
You slash the goblin!
You kill the goblin!
You hit the orc warrior but do no damage.
You slash the gnoll! You block the gnoll's attack.
You block the orc warrior's attack. The goblin hits you but does no damage.
The gnoll closely misses you.
The orc warrior hits you with a +0 war axe!
The orc warlord roars a battlecry!
The orc warrior goes into a battle-frenzy!
Things that are here:
a +0 hand axe {axe}; a +0 leather armour; a goblin corpse 😕 HP[-8]
You take 8 damage, and now have 73/81 hp.
You hit the goblin but do no damage.
You hit the orc warrior but do no damage.
You barely miss the gnoll. The goblin closely misses you.
You block the gnoll's attack.
The orc warrior closely misses you. 😕 HP[+1]
You closely miss the goblin. You closely miss the orc warlord.
You hit the orc warrior but do no damage.
You slash the gnoll!
You kill the gnoll!
You block the goblin's attack. You block the orc warrior's attack.
The orc warlord completely misses you.
You slash the orc warlord!
You headbutt the orc warlord, but do no damage.
You hit the goblin but do no damage. You hit the orc warrior.
The goblin barely misses you. The orc warrior barely misses you.
The orc warlord closely misses you.
You hit the orc warlord but do no damage.
You hit the orc warrior. You closely miss the goblin.
You block the goblin's attack. The orc warrior closely misses you.
You block the orc warlord's attack.
You hit the orc warlord. You hit the goblin.
You hit the orc warrior but do no damage.
You block the goblin's attack.
The orc warrior hits you with a +0 war axe!
You block the orc warlord's attack. 😕 HP[-8]
You take 8 damage, and now have 66/81 hp.
You barely miss the orc warlord. You hit the goblin.
You hit the orc warrior but do no damage.
The goblin misses you. You furiously retaliate!
You headbutt the goblin, but do no damage.
The orc warrior hits you with a +0 war axe!!
The orc warlord hits you with a +2 broad axe!
* * * LOW HITPOINT WARNING * * *
😨 HP[-34]
You take 34 damage, and now have 32/81 hp.
MASSIVE DAMAGE!! (PAUSE)
You hit the orc warlord. You hit the goblin.
You kill the goblin!
You hit the orc warrior.
The orc warlord hits you with a +2 broad axe!!
* * * LOW HITPOINT WARNING * * *
The orc warrior complains loudly, as Orcs often do.
The orc warrior hits you with a +0 war axe!!
You die...

Skill      XL: |  1  2  3  4  5  6  7  8  9 |
---------------+----------------------------+-----
Axes           | 3 4 5 6 7 9 10 | 10.4
Fighting       | 4 5 6 7 8 |  8.1
Armour         | 4 5 6 7 |  7.9
Shields        | 4 5 6 7 8 |  8.0

Action                   |  1- 3 |  4- 6 |  7- 9 || total
-------------------------+-------+-------+-------++-------
Melee: War axe           |    81 |    84 |   223 ||   388
       Headbutt          |    12 |    17 |    43 ||    72
Armor: Scale mail        |    33 |    57 |    76 ||   166
Dodge: Dodged            |    33 |    41 |    83 ||   157
Block: Buckler           |    13 |    17 |    98 ||   128

Levels and vault maps discovered:
D:1:      noname_arrival_rooms_in_the_neighbourhood, layout_basic,
          hellmonk_ecumenical_altar_watching_god
D:2:      layout_loops_ring
D:3:      layout_loops_ring, uniq_terence
D:4:      layout_loops_ring, trog_ov_bears_minmay
D:5:      layout_rooms
D:6:      layout_basic, pdpol_temple_overflow_zin_treasury_gozag_greed
D:7:      layout_gridville, temple_hall, enter_bailey_3, uniq_duvessa,
          uniq_maggie
Bailey:   bailey_axe_minmay_hex_keep, bailey

Notes
Turn   | Place    | Note
-------+----------+-------------------------------------------
     0 | D:1      | Sanktem7 the Minotaur Fighter began the quest for the Orb.
     0 | D:1      | Reached XP level 1. HP: 19/19 MP: 0/0
     0 | D:1      | magus.rc [v1.9.6]
   111 | D:1      | Found a faded altar of an unknown god.
   115 | D:1      | Reached XP level 2. HP: 27/27 MP: 1/1
   115 | D:1      | Noticed a great orb of eyes
   123 | D:1      | Noticed an eye of devastation
   141 | D:1      | Reached skill level 3 in Axes
   172 | D:1      | HP: 6/27 [kobold/+1 whip of electrocution (3)]
   416 | D:1      | Noticed a floating eye
   791 | D:2      | Reached skill level 4 in Fighting
   797 | D:2      | Reached skill level 4 in Armour
   797 | D:2      | Reached XP level 3. HP: 26/33 MP: 2/2
   999 | D:2      | Reached skill level 4 in Shields
  1588 | D:3      | Reached XP level 4. HP: 32/40 MP: 3/3
  1788 | D:3      | Reached skill level 4 in Axes
  2069 | D:3      | Noticed Terence
  2079 | D:3      | HP: 10/41 [Terence/+0 mace (6)]
  2080 | D:3      | Killed Terence
  2081 | D:3      | Reached XP level 5. HP: 11/47 MP: 4/4
  2460 | D:4      | Noticed a phantom
  2472 | D:4      | Killed a phantom
  2790 | D:4      | Found a bloodstained altar of Trog.
  2790 | D:4      | Noticed a black bear
  2791 | D:4      | Noticed a black bear
  2795 | D:4      | Killed a black bear
  2796 | D:4      | Reached skill level 5 in Fighting
  2796 | D:4      | Reached skill level 5 in Axes
  2796 | D:4      | Reached skill level 5 in Shields
  2796 | D:4      | Reached XP level 6. HP: 46/56 MP: 5/5
  2798 | D:4      | Reached skill level 5 in Armour
  3037 | D:4      | You pick up a book of Weapons and begin reading...
  3037 | D:4      | You add the spells Tukima's Dance, Portal Projectile and
                  | Blade Hands to your library.
  3281 | D:5      | Entered Level 5 of the Dungeon
  3314 | D:5      | Reached skill level 6 in Axes
  3341 | D:5      | Reached XP level 7. HP: 47/61 MP: 6/6
  3600 | D:5      | Reached skill level 6 in Fighting
  3600 | D:5      | Reached skill level 7 in Axes
  3799 | D:5      | Reached skill level 6 in Shields
  3803 | D:5      | Reached skill level 6 in Armour
  3803 | D:5      | Reached XP level 8. HP: 35/70 MP: 7/7
  4265 | D:6      | Reached skill level 8 in Axes
  4373 | D:6      | Found a glowing silver altar of Zin.
  4637 | D:6      | Identified the +1 hand axe of Jeidauf {vorpal, rC+ MP+9
                  | Stlth+}
  5072 | D:6      | Found an opulent altar of Gozag.
  5147 | D:6      | Reached skill level 7 in Fighting
  5153 | D:6      | HP: 16/73 [yak (13)]
  5155 | D:6      | Reached skill level 7 in Armour
  5155 | D:6      | Reached skill level 7 in Shields
  5159 | D:6      | HP: 7/73 [yak (4)]
  5162 | D:6      | Reached skill level 9 in Axes
  5718 | D:7      | Reached XP level 9. HP: 70/79 MP: 8/8
  5861 | D:7      | Found a flagged portal.
  5872 | Bailey   | Entered a bailey
  6416 | Bailey   | Reached skill level 10 in Axes
  6426 | Bailey   | HP: 20/81 [orc warrior/+0 war axe (7)]
  6428 | Bailey   | Reached skill level 8 in Fighting
  6431 | Bailey   | Reached skill level 8 in Shields
  6862 | Bailey   | Identified a +0 crystal plate armour
  6862 | Bailey   | Noticed an orc warlord
  6885 | Bailey   | HP: 4/81 [orc warlord/+2 broad axe (28)]
  6885 | Bailey   | Demolished by an orc warrior

Vanquished Creatures
  3 yaks (D:6)
  8 orc warriors
  A water moccasin (D:6)
  A sky beast (D:7)
  3 black bears
  4 ogres (D:5)
  A centaur (D:5)
  2 phantoms
  3 scorpions
  A howler monkey (D:5)
  A jelly (D:5)
  3 orc priests
  A hound (D:5)
  An iguana (D:5)
  Terence (D:3)
  2 orc wizards
  11 gnolls
  9 adders
  A white imp (D:5)
  3 dart slugs
  21 orcs
  9 ball pythons
  3 endoplasms
  23 goblins
  20 hobgoblins
  2 quokkas
  3 bats
  4 frilled lizards (D:2)
  9 kobolds
  3 rats (D:3)
157 creatures vanquished.

Table legend:
 A = Non-vault XP
 B = Vault XP
 C = Vault XP percentage of total XP
 D = Non-vault monster count
 E = Vault monster count
 F = Vault count percentage of total count
                 A         B        C        D         E       F
            +---------+---------+-------+---------+---------+-------
      Total |    2855 |    1425 |  33.3 |     108 |      49 |  31.2
            +---------+---------+-------+---------+---------+-------
        D:1 |      33 |       0 |   0.0 |      17 |       0 |   0.0
        D:2 |      24 |       0 |   0.0 |      17 |       0 |   0.0
        D:3 |     116 |      36 |  23.7 |      22 |       1 |   4.3
        D:4 |     206 |     247 |  54.5 |      16 |       2 |  11.1
        D:5 |    1072 |       0 |   0.0 |      16 |       0 |   0.0
        D:6 |    1050 |       0 |   0.0 |      10 |       0 |   0.0
        D:7 |     354 |       8 |   2.2 |      10 |       4 |  28.6
     Bailey |       0 |    1134 | 100.0 |       0 |      42 | 100.0
            +---------+---------+-------+---------+---------+-------

Illustrated notes

Table legend:
 A = Kills in this place as a percentage of kills in entire the game.
 B = Kills by you in this place as a percentage of kills by you in the entire game.
 C = Kills by friends in this place as a percentage of kills by friends in the entire game.
 D = Other kills in this place as a percentage of other kills in the entire game.
 E = Experience gained in this place as a percentage of experience gained in the entire game.
 F = Experience gained in this place divided by the number of levels of this place that you have seen.
                   A       B       C       D       E      F
               +-------+-------+-------+-------+-------+----------------------
         Total | 100.0 | 100.0 |   N/A |   N/A | 100.0 | 535.0
       Dungeon |  73.2 |  73.2 |   N/A |   N/A |  73.5 | 449.4
        Bailey |  26.8 |  26.8 |   N/A |   N/A |  26.5 | 1134.0
               +-------+-------+-------+-------+-------+----------------------

Table legend: (Time is in decaauts)
 A = Elapsed time spent in this place.
 B = Non-inter-level travel time spent in this place.
 C = Inter-level travel time spent in this place.
 D = Time resting spent in this place.
 E = Time spent auto-exploring this place.
 F = Levels seen in this place.
 G = Mean time per level.
                   A        B        C        D        E       F      G
               +--------+--------+--------+--------+--------+-----+--------+
         Total |   6961 |   6734 |    227 |   1242 |   4476 |   8 |  870.1 |
       Dungeon |   5945 |   5718 |    227 |    522 |   4355 |   7 |  849.3 |
        Bailey |   1016 |   1016 |      0 |    720 |    121 |   1 | 1016.0 |
               +--------+--------+--------+--------+--------+-----+--------+

Top non-repeatable levels by time:
     D:6: 1480 daAuts
     D:3: 1063 daAuts
  Bailey: 1016 daAuts
     D:5: 961 daAuts
     D:4: 829 daAuts
     D:1: 722 daAuts
     D:2: 719 daAuts
     D:7: 168 daAuts
